 Dungeon Sprint DCSS version 0.20.1-1-g8b1a95d (webtiles) character file.

431 sanboga the Fighter (level 6, 0/100 HPs)
             Began as a Minotaur Berserker on Dec 22, 2017.
             Was a Priest of Trog.
             Succumbed to a killer bee's poison
             ... in the Dungeon (Sprint IV: "Fedhas' Mad Dash").
             The game lasted 00:02:27 (337 turns).

sanboga the Fighter (Minotaur Berserker)             Turns: 337, Time: 00:02:28

Health: 0/100      AC:  6    Str: 29    XL:     6   Next: 67%
Magic:  4/6        EV: 13    Int:  4    God:    Trog [***...]
Gold:   64         SH:  0    Dex:  9    Spells: 5/5 levels left

rFire    . . .     SeeInvis .   a - +0 spear
rCold    . . .     Gourm    .   (no shield)
rNeg     . . .     Faith    .   j - +0 ring mail
rPois    .         Spirit   .   (helmet restricted)
rElec    .         Reflect  .   (no cloak)
rCorr    .         Harm     .   (no gloves)
MR       .....     NoTele   +   (no boots)
Stlth    ..........             b - amulet of invisibility {+Inv}
Regen    0.3/turn               (no ring)
MPRegen  0.1/turn               (no ring)

@: berserking (expiring), lethally poisoned (0 -> -26), very quick
A: retaliatory headbutt, horns 2
a: Berserk, Trog's Hand, Burn Spellbooks, Renounce Religion, Evoke Invisibility


You were in the Dungeon.
You worshipped Trog.
Trog was most pleased with you.
You were very hungry.

You visited 1 branch You collected 64 gold pieces.

Inventory:

Hand Weapons
 a - a +0 spear (weapon)
Armour
 j - a +0 ring mail (worn)
Jewellery
 b - the amulet of invisibility (around neck) {+Inv}
   (You found it in the Dungeon)

   [amulet of nothing]

   It lets you turn invisible.
Scrolls
 i - a scroll of blinking
Potions
 d - a potion of curing
 e - a potion of heal wounds
 f - a potion of haste
 g - 2 potions of magic
 h - a potion of berserk rage
Comestibles
 c - 2 bread rations


   Skills:
 + Level 10.8 Fighting
 + Level 10.7 Polearms
 + Level 7.1 Armour
 + Level 5.3 Dodging
 + Level 1.7 Stealth
 + Level 1.4 Evocations


You had 5 spell levels left.
You didn't know any spells.

Dungeon Overview and Level Annotations

Branches:
Dungeon (1/1)

Altars:


Innate Abilities, Weirdness & Mutations

You reflexively headbutt those who attack you in melee.
You have a pair of horns on your head.


Message History

Trog accepts your kill.
Your Armour skill increases to level 7!
* * * LOW HITPOINT WARNING * * *
You feel sick. The killer bee barely misses you.
You hit the killer bee. Your headbutt misses the killer bee.
The killer bee is moderately wounded.
* * * LOW HITPOINT WARNING * * *
You feel sick. The killer bee stings you!
* * * LOW HITPOINT WARNING * * *
You miss the killer bee. Your headbutt misses the killer bee.
The killer bee is moderately wounded.
* * * LOW HITPOINT WARNING * * *
You feel sick.
You miss the killer bee. Your headbutt misses the killer bee.
The killer bee is moderately wounded.
* * * LOW HITPOINT WARNING * * *
You feel sick. The killer bee misses you.
You puncture the killer bee!
The killer bee is almost dead.
You die...

##################
#<..P#.....#.....#
#PP..'†)...'.#[..+
#PPPP#†....#.#...#
###############'##
♣.......†y@..#
.y...♣.....#†..#
... ♣..♣..###### +
#+#####


You could see a killer bee.

Vanquished Creatures
  A queen bee (D)
  3 killer bees (D)
  2 oklob saplings (D)
  A worker ant (D)
  A river rat (D)
  A rat (D)
9 creatures vanquished.

Notes
Turn   | Place    | Note
-------+----------+-------------------------------------------
     0 | D        | sanboga the Minotaur Berserker began the quest for the Orb.
     0 | D        | Reached XP level 1. HP: 19/19 MP: 0/0
     9 | D        | Reached XP level 2. HP: 28/28 MP: 1/1
    65 | D        | Noticed an oklob sapling
    71 | D        | Killed an oklob sapling
    71 | D        | Reached ** piety under Trog
    71 | D        | Reached skill level 5 in Fighting
    71 | D        | Reached skill level 5 in Polearms
    71 | D        | Reached XP level 3. HP: 37/37 MP: 2/2
   110 | D        | Noticed an oklob sapling
   113 | D        | Killed an oklob sapling
   113 | D        | Reached XP level 4. HP: 19/47 MP: 0/3
   300 | D        | Noticed a queen bee
   314 | D        | Reached *** piety under Trog
   314 | D        | Reached skill level 5 in Armour
   314 | D        | Reached XP level 5. HP: 42/56 MP: 4/4
   323 | D        | Killed a queen bee
   323 | D        | Reached skill level 10 in Fighting
   323 | D        | Reached skill level 10 in Polearms
   323 | D        | Reached skill level 5 in Dodging
   323 | D        | Reached skill level 1 in Stealth
   323 | D        | Reached skill level 1 in Evocations
   323 | D        | Reached XP level 6. HP: 48/67 MP: 4/6
   334 | D        | HP: 2/100 [killer bee (8)]
   337 | D        | Succumbed to a killer bee's poison

Skill      XL: |  1  2  3  4  5  6 |
---------------+-------------------+-----
Fighting       | 4 5 7 8 10 | 10.8
Polearms       | 4 5 7 8 10 | 10.7
Armour         | 3 4 5 6 7 |  7.1
Dodging        | 3 4 5 |  5.3
Stealth        | 1 |  1.7
Evocations     | 1 |  1.4

Action                   |  1- 3 |  4- 6 || total
-------------------------+-------+-------++-------
Melee: Spear             |     9 |    31 ||    40
       Headbutt          |     2 |     2 ||     4
Invok: Berserk           |     2 |     1 ||     3
 Abil: Evoke Invisibilit |     1 |       ||     1
 Stab: Invisible         |     1 |       ||     1
Armor: Ring mail         |       |     3 ||     3
Dodge: Dodged            |     3 |    23 ||    26
